 Dungeon Crawl Stone Soup version 0.28-a0-384-g9e0c098162 (webtiles) character file.

Game seed: 17619251805136062213

2275 omnomnOMINOUS the Magician (level 9, -9/63 HPs)
             Began as an Octopode Wanderer on Sept 2, 2021.
             Was a Believer of the Shining One.
             Mangled by Menkaure (17 damage)
             ... on level 7 of the Dungeon.
             The game lasted 00:17:30 (8852 turns).

omnomnOMINOUS the Magician (Octopode Wanderer)      Turns: 8852, Time: 00:17:31

Health: -9/63      AC:  7    Str: 18 (21) XL:     9   Next: 39%
Magic:  29/29      EV: 14    Int: 16 (17) God:    the Shining One [**....]
Gold:   318        SH:  0    Dex:  7 (8)  Spells: 23/23 levels left

rFire   . . .      SeeInvis .   b - +2 flail (venom)
rCold   . . .      Faith    .   (no shield)
rNeg    + . .      Spirit   .   D - +2 hat
rPois   .          Reflect  .   (no amulet)
rElec   .          Harm     .   p - ring of magical power
rCorr   .          Rampage  .   t - +6 ring of strength
Will    .....                   C - +4 ring of protection
Stlth   ++........              (no ring)
HPRegen 0.20/turn               (no ring)
MPRegen 0.21/turn               (no ring)
                                (no ring)
                                (no ring)

@: mighty, lethally poisoned (-9 -> -11), glowing
A: almost no armour, amphibious, 8 rings, camouflage 1, gelatinous body 1,
(nimble swimmer 1), tentacles
a: Renounce Religion, Divine Shield


You were on level 7 of the Dungeon.
You worshipped the Shining One.
The Shining One was pleased with you.
You visited 2 branches of the dungeon, and saw 8 of its levels.
You also visited: Sewer.

You collected 318 gold pieces.

Inventory:

Hand Weapons
 a - a +0 quarterstaff
 b - a +2 flail of venom (weapon)
 c - a +0 spear
 d - a +2 dagger
 q - a +4 quarterstaff of chaos
 A - the +8 hunting sling "Ikheogg" {flame, rC+ rCorr Dex-5}
   (You found it on level 5 of the Dungeon)

   Any ammunition fired from it burns those it strikes, dealing additional fire
   damage.
   Dex:       It affects your dexterity (-5).
   rC:        It protects you from cold.
   rCorr:     It protects you from acid and corrosion.
Missiles
 h - 10 javelins
 j - 6 curare-tipped darts (quivered)
 u - a throwing net
Armour
 D - a +2 hat (worn)
Jewellery
 p - a ring of magical power (left tentacle)
 t - a +6 ring of strength (right tentacle)
 C - a +4 ring of protection (on tentacle)
Wands
 o - a wand of digging (2)
 y - a wand of polymorph (10)
 B - a wand of paralysis (3)
Scrolls
 f - 4 scrolls of holy word {unknown}
 i - 2 scrolls of enchant armour {unknown}
 k - 4 scrolls of noise {unknown}
 l - 9 scrolls of identify {unknown}
 r - a scroll of fog {unknown}
 s - a scroll of blinking
 v - 3 scrolls of teleportation {unknown}
 w - a scroll of enchant weapon {unknown}
 x - 2 scrolls of amnesia {unknown}
 z - 2 scrolls of vulnerability {unknown}
 J - a scroll of immolation {unknown}
Potions
 e - a potion of cancellation {unknown}
 g - 4 potions of heal wounds {unknown}
 m - 2 potions of curing {unknown}
 n - 4 potions of degeneration
 E - 3 potions of might
 F - 2 potions of invisibility {unknown}
 G - 2 potions of brilliance {unknown}
 H - a potion of magic {unknown}
 I - 4 potions of haste {unknown}


   Skills:
 + Level 6.3 Fighting
 - Level 3.0 Staves
 + Level 6.2 Dodging
 - Level 5.3 Stealth
 * Level 7.7 Spellcasting


You had 23 spell levels left.
You didn't know any spells.
Your spell library contained the following spells:

 Spells                   Type           Power      Damage    Failure   Level
 Corpse Rot               Necr/Air       N/A        N/A       17%         2
 Dispel Undead            Necr           6%         3d8       75%         4
 Fulminant Prism          Conj/Hex       3%         3d6       75%         4
 Iskenderun's Mystic Bla  Conj/Tloc      6%         2d4       75%         4
 Lee's Rapid Deconstruct  Erth           3%         3d6*      97%         5
 Death Channel            Necr           3%         N/A       100%        6


Dungeon Overview and Level Annotations

Branches:
Dungeon (7/15)             Temple (1/1) D:7           Sewer (visited)

Altars:
Ashenzari
Cheibriados
Dithmenos
Elyvilon
Fedhas
Gozag
Hepliaklqana
Kikubaaqudgha
Makhleb
Nemelex Xobeh
Okawaru
Qazlal
Ru
Sif Muna
Trog
Uskayaw
Vehumet
Xom
Yredelemnul
Zin
The Shining One

Annotations:
D:7 Menkaure


Innate Abilities, Weirdness & Mutations

You cannot wear most types of armour.
You are amphibious.
You can wear up to eight rings at the same time.
Your skin changes colour to match your surroundings (Stealth+).
Your rubbery body absorbs attacks. (AC +1, EV +1)
((You are camouflaged near water. (Stealth+)))
You have tentacles for arms and can constrict up to eight enemies at once.


Message History

You kill the bullfrog!
The scorpion stings the bush but does no damage.
Menkaure grins.
Menkaure hits the bush.
The scorpion closely misses you.
Menkaure calls on the powers of darkness!
The scorpion convulses!
Your body is wracked with pain!
You hit the scorpion. Your grab misses the scorpion.
The scorpion is heavily wounded.
The scorpion stings you but does no damage.
You barely miss the scorpion. Your grab misses the scorpion.
The scorpion is heavily wounded.
The scorpion stings you.
You are poisoned.
The scorpion poisons you! The scorpion misses you.
You hit the scorpion but do no damage. You grab the scorpion.
The scorpion is heavily wounded.
You constrict the scorpion.
You feel very sick. The scorpion barely misses you.
Menkaure mumbles some strange words.
Menkaure seems to speed up.
You sock the scorpion!
You kill the scorpion!
You feel sick.
You thump Menkaure! Your grab misses Menkaure.
Menkaure is heavily damaged.
You feel sick. Menkaure hits you!
* * * LOW HITPOINT WARNING * * *
Menkaure calls on the powers of darkness!
Your body is wracked with pain!
* * * LOW HITPOINT WARNING * * *
It was a potion of degeneration.
There was something very wrong with that liquid.
You feel weakened.
You feel dopey.
You feel clumsy.
You feel sick. Menkaure closely misses you.
It was a potion of might.
You feel very mighty all of a sudden.
You feel sick. Menkaure hits you!
You die...

#.#.## # #.## .. ##
#..############.# .#
#.......PPPPPPP.PPP.##
####..####.....P.P.P.P...
......# ##P.P.P.P.P.P...
.##...# #P.P.P.P.......
..#.###


#P.PPP.P.PPP... ###.# #P....@M...P... #.# #PPP.PPP.PPP... #.# #P...P.P.P.P .
#.## #P.PPP.P.P.P ###..# #P.....P...P ≈§...# #P.P.PPPPPPP ≈≈≈..# #P.P.. ...
§≈§≈## PPPPP .PP >≈§§# You could see Menkaure (fast).

Vanquished Creatures
  Pikel (D:6)
  Sigmund (D:2)
  A wyvern (D:7)
  2 sky beasts
  A hornet zombie (D:7)
  2 lemures (D:6)
  A kobold brigand (Sewer)
  Blork the orc (D:6)
  A bullfrog (D:7)
  4 scorpions
  A centaur zombie (D:7)
  2 orc priests
  2 jellies (D:4)
  Crazy Yiuf (D:2)
  A hound (D:6)
  4 iguanas
  An orc wizard (D:6)
  Ijyb (D:2)
  A hound zombie (D:5)
  6 gnolls
  15 adders
  A howler monkey skeleton (D:5)
  4 river rats (Sewer)
  A shadow imp (D:6)
  2 white imps (D:5)
  An ufetubus (D:6)
  A worm (D:6)
  A dart slug (D:4)
  18 orcs
  8 ball pythons
  8 bats
  7 endoplasms
  6 giant cockroaches
  14 goblins
  9 hobgoblins
  4 jackals
  6 quokkas
  4 frilled lizards
  19 kobolds
  31 rats
195 creatures vanquished.

Notes
Turn   | Place    | Note
-------+----------+-------------------------------------------
     0 | D:1      | omnomnOMINOUS the Octopode Wanderer began the quest for the
                  | Orb.
     0 | D:1      | omnomnOMINOUS set off with the following items: a +2
                  | dagger, a scroll of blinking, a +0 spear, a +0 quarterstaff
     0 | D:1      | Reached XP level 1. HP: 14/14 MP: 1/1
    62 | D:1      | Reached XP level 2. HP: 15/19 MP: 2/2
   184 | D:1      | You fall into a shaft and drop 1 floor!
   257 | D:2      | Noticed Sigmund
   307 | D:2      | Killed Sigmund
   308 | D:2      | Reached skill level 2 in Spellcasting
   308 | D:2      | Reached XP level 3. HP: 15/26 MP: 4/7
   308 | D:2      | Reached XP level 4. HP: 17/31 MP: 4/8
   308 | D:2      | Reached XP level 5. HP: 21/36 MP: 4/9
   856 | D:1      | Reached skill level 3 in Spellcasting
  1006 | D:1      | Found a faded altar of an unknown god.
  1014 | D:1      | Became a worshipper of Elyvilon the Healer
  1014 | D:1      | Reached * piety under Elyvilon
  1531 | D:1      | Reached XP level 6. HP: 20/42 MP: 10/10
  2025 | D:2      | Found a runed translucent door.
  2026 | D:2      | Noticed Crazy Yiuf
  2186 | D:2      | Noticed Ijyb
  2199 | D:2      | Killed Ijyb
  2436 | D:2      | Killed Crazy Yiuf
  2688 | D:3      | Reached ** piety under Elyvilon
  3773 | D:4      | Reached *** piety under Elyvilon
  3782 | D:4      | Reached skill level 4 in Spellcasting
  4322 | D:4      | Reached XP level 7. HP: 29/47 MP: 13/13
  5467 | D:5      | Entered Level 5 of the Dungeon
  5525 | D:5      | Identified the +8 hunting sling "Ikheogg" {flame, rC+ rCorr
                  | Dex-5}
  5559 | D:5      | Found a white marble altar of Elyvilon.
  5581 | D:5      | Found a blossoming altar of Fedhas.
  5584 | D:5      | Reached **** piety under Elyvilon
  5608 | D:5      | Reached skill level 5 in Spellcasting
  6088 | D:5      | Found a bloodstained altar of Trog.
  6095 | D:5      | Reached XP level 8. HP: 45/54 MP: 16/16
  6436 | D:6      | Found a radiant altar of Vehumet.
  6535 | D:6      | Found a broken altar of Ashenzari.
  6538 | D:6      | Noticed Blork the orc
  6587 | D:6      | Reached skill level 5 in Fighting
  6591 | D:6      | Reached skill level 5 in Dodging
  6645 | D:6      | Found a basalt altar of Yredelemnul.
  6646 | D:6      | Found a hazy altar of Hepliaklqana.
  6899 | D:6      | Found a glowing drain.
  6903 | Sewer    | Entered a sewer
  6961 | Sewer    | Reached skill level 6 in Spellcasting
  7682 | D:6      | Killed Blork the orc
  7771 | D:6      | Reached ***** piety under Elyvilon
  7950 | D:6      | Noticed Pikel
  7990 | D:6      | Killed Pikel
  7991 | D:6      | Reached skill level 7 in Spellcasting
  7991 | D:6      | Reached XP level 9. HP: 42/62 MP: 19/19
  8493 | D:7      | Found a staircase to the Ecumenical Temple.
  8502 | Temple   | Entered the Ecumenical Temple
  8771 | Temple   | Fell from the grace of Elyvilon
  8771 | Temple   | Became a worshipper of the Shining One
  8771 | Temple   | Reached * piety under the Shining One
  8771 | Temple   | Reached ** piety under the Shining One
  8833 | D:7      | Noticed Menkaure
  8852 | D:7      | Mangled by Menkaure

Illustrated notes

Levels and vault maps discovered:
D:1:      tarquinn_simple_flora_water_c, layout_loops_cross,
          shapermc_ecumenical_altar_gd
D:2:      kennysheep_the_goblin_king, layout_rooms, chequers_hall_statues_y,
          st_stairs_4, uniq_sigmund, uniq_crazy_yiuf_cottage
D:3:      layout_loops_corners, chequers_arboretum
D:4:      layout_rooms, bh_walls_and_bars
D:5:      layout_loops_ring, mainiacjoe_overflow_alcove_2,
          mainiacjoe_overflow_boulevard, fedhas_altar_3
D:6:      layout_cave_pools, mainiacjoe_overflow_six_doors_small,
          nicolae_ashenzari_skybound, minitemple, gup_sewer_entry_spiral,
          uniq_blork_the_orc, uniq_pikel
D:7:      layout_basic, minmay_temple_entry_mist, serial_shops,
          nicolae_inconvenience_store, minivault_10, minmay_hedge_maze,
          uniq_menkaure
Temple:   minmay_temple_curvy_branch

Skill      XL: |  1  2  3  4  5  6  7  8  9 |
---------------+----------------------------+-----
Dodging        | 2 3 4 5 6 |  6.2
Fighting       | 3 4 6 |  6.3
Spellcasting   | 2 3 4 5 7 |  7.7
Staves         | |  3.0
Stealth        | |  5.3

Action                   |  1- 3 |  4- 6 |  7- 9 || total
-------------------------+-------+-------+-------++-------
Melee: Quarterstaff      |    18 |    88 |       ||   106
       Dagger            |     5 |       |       ||     5
       Constrict         |     4 |    30 |    46 ||    80
       Tentacles         |     3 |    14 |    42 ||    59
       Flail             |       |    44 |   209 ||   253
Throw: Javelin           |       |     1 |       ||     1
       Dart              |       |     1 |     7 ||     8
  Use: Potion            |     1 |       |     3 ||     4
 Stab: Sleeping          |     4 |    22 |    17 ||    43
Armor: Skin              |     7 |     9 |    60 ||    76
Dodge: Dodged            |     8 |    77 |   145 ||   230

Table legend: (Time is in decaauts)
 A = Elapsed time spent in this place.
 B = Non-inter-level travel time spent in this place.
 C = Inter-level travel time spent in this place.
 D = Time resting spent in this place.
 E = Time spent auto-exploring this place.
 F = Levels seen in this place.
 G = Mean time per level.
                   A        B        C        D        E       F      G
               +--------+--------+--------+--------+--------+-----+--------+
         Total |   8947 |   8633 |    314 |   2033 |   4829 |   9 |  994.1 |
       Dungeon |   7921 |   7650 |    271 |   2033 |   4111 |   7 | 1131.6 |
        Temple |    291 |    248 |     43 |      0 |    246 |   1 |  291.0 |
         Sewer |    734 |    734 |      0 |      0 |    472 |   1 |  734.0 |
               +--------+--------+--------+--------+--------+-----+--------+

Top non-repeatable levels by time:
     D:4: 1721 daAuts
     D:2: 1374 daAuts
     D:1: 1246 daAuts
     D:6: 1196 daAuts
     D:3: 1161 daAuts
     D:5: 952 daAuts
   Sewer: 734 daAuts
  Temple: 291 daAuts
     D:7: 267 daAuts
